 Dungeon Crawl Stone Soup version 0.28.0-49-g6dfe1f597d (webtiles) character file.

Game seed: 15289339282091835652

1509 Zeld the Ogre Mage (level 8, -1/80 HPs)
             Began as an Ogre Transmuter on May 19, 2022.
             Was a Follower of Nemelex Xobeh.
             Slain by Pikel
             ... wielding a +0 whip of flaming
              (4 damage)
             ... on level 5 of the Dungeon.
             The game lasted 00:07:06 (7630 turns).

Zeld the Ogre Mage (Ogre Transmuter)                Turns: 7630, Time: 00:07:06

Health: -1/80      AC:  2    Str: 17    XL:     8   Next: 82%
Magic:  16/18      EV: 20    Int: 14    God:    Nemelex Xobeh [*.....]
Gold:   320        SH:  0    Dex: 14    Spells: 10/20 levels left

rFire   . . .      SeeInvis .     - Unarmed
rCold   . . .      Faith    .   (shield currently unavailable)
rNeg    . . .      Spirit   .   (armour currently unavailable)
rPois   x          Reflect  .   (helmet currently unavailable)
rElec   .          Harm     .   (cloak currently unavailable)
rCorr   .          Rampage  .   (gloves unavailable)
Will    .....                   (boots unavailable)
Stlth   +.........              (no amulet)
HPRegen 0.23/turn               (no ring)
MPRegen 0.16/turn               (no ring)

@: spider-form (expiring)
A: venomous fangs, tiny, unfitting armour, (tough skin 1)
a: End Transformation, Renounce Religion, Draw Escape, Draw Destruction, Draw
Summoning


You were on level 5 of the Dungeon.
You worshipped Nemelex Xobeh.
Nemelex Xobeh was aware of your devotion.
You were a venomous arachnid creature.
You visited 2 branches of the dungeon, and saw 7 of its levels.

You collected 320 gold pieces.

Inventory:

Hand Weapons
 k - the +8 battleaxe "Ofausy" (melded) {drain, rElec Dex+4}
   (You found it on level 2 of the Dungeon)

   A truly terrible weapon, it drains the life of any living foe it strikes.
   Dex:       It affects your dexterity (+4).
   rElec:     It insulates you from electricity.
Armour
 m - a +0 cloak (melded)
 o - the +1 robe of Suuh (melded) {+Inv rF++ Regen+ SInv}
   (You found it on level 6 of the Dungeon)

   rF:        It greatly protects you from fire.
   SInv:      It lets you see invisible.
   +Inv:      It lets you turn invisible.
   Regen:     It increases your rate of health regeneration.
Wands
 a - a wand of paralysis (4)
 q - a wand of flame (38)
Scrolls
 b - a scroll of magic mapping {unknown}
 c - a scroll of holy word {unknown}
 f - 2 scrolls of immolation {unknown}
 h - 8 scrolls of identify {unknown}
 j - 2 scrolls of teleportation {unknown}
 p - a scroll of brand weapon {unknown}
 s - a scroll of silence {unknown}
 t - a scroll of fear {unknown}
Potions
 d - a potion of magic {unknown}
 e - 2 potions of degeneration {unknown}
 g - a potion of brilliance {unknown}
 i - 4 potions of lignification {unknown}
 l - 3 potions of cancellation {unknown}
 n - 2 potions of curing {unknown}
 r - a potion of might {unknown}


   Skills:
 + Level 5.3 Fighting
 + Level 4.2 Dodging
 - Level 2.6 Unarmed Combat
 * Level 6.8 Spellcasting
 * Level 5.4 Transmutations
 - Level 2.0 Ice Magic
 - Level 2.0 Poison Magic


You had 10 spell levels left.
You knew the following spells:

 Your Spells              Type           Power      Damage    Failure   Level
a - Beastly Appendage     Tmut           40%        N/A       7%          1
b - Wereblood             Tmut           20%        N/A       9%          2
c - Spider Form           Tmut/Pois      15%        N/A       24%         3
d - Ice Form              Ice/Tmut       15%        N/A       52%         4

Your spell library contained the following spells:

 Spells                   Type           Power      Damage    Failure   Level
 Animate Skeleton         Necr           8%         N/A       32%         1
 Apportation              Tloc           8%         N/A       32%         1
 Summon Small Mammal      Summ           16%        N/A       32%         1


Dungeon Overview and Level Annotations

Branches:
Dungeon (6/15)             Temple (1/1) D:4

Altars:
Ashenzari
Cheibriados
Dithmenos
Elyvilon
Fedhas
Gozag
Hepliaklqana
Kikubaaqudgha
Makhleb
Nemelex Xobeh
Qazlal
Ru
Sif Muna
Uskayaw
Vehumet
Wu Jian
Xom
Zin

Shops:
D:4 (

Annotations:
D:5 Pikel


Innate Abilities, Weirdness & Mutations

You are a venomous arachnid creature.
You have poisonous fangs.
You are tiny and dextrous.
Your spellcasting is less reliable in this form.
Your armour is entirely melded.
You are incapable of wielding weapons or throwing items.
You are too large for most types of armour.
((You have tough skin. (AC +1)))


Message History

Pikel barely misses you.
You hit Pikel but do no damage.
Pikel looks as sick as possible!
Pikel is lightly wounded.
Pikel hits you with a +0 whip of flaming.
Pikel burns you.
You barely miss Pikel.
Pikel is moderately wounded.
Pikel zaps a wand.
Your mind is blasted!
* * * LOW HITPOINT WARNING * * *
You hit Pikel.
Pikel looks as sick as possible!
Pikel is moderately wounded.
Pikel hits you with a +0 whip of flaming.
* * * LOW HITPOINT WARNING * * *
Pikel burns you.
* * * LOW HITPOINT WARNING * * *
Unknown command.
Unknown command.
Okay, then.
You hit Pikel but do no damage.
Pikel looks as sick as possible!
Pikel is moderately wounded.
Pikel misses you.
Unknown command.
You hit Pikel but do no damage.
Pikel looks as sick as possible!
Pikel is moderately wounded.
Pikel zaps a wand.
Your mind is blasted!
* * * LOW HITPOINT WARNING * * *
Unknown command.
That's the wrong kind of item! (Use * to select it.) Evoke which item? (* to show all) (? for menu, Esc to quit)
Aiming: Paralyse
Press: ? - help, Shift-Dir - straight line, f - Pikel
Aim: Pikel, wielding a +0 whip of flaming, wearing a +0 robe and carrying a wand of mindburst (4) (heavily wounded, extremely poisoned, chance to affect: 49%)
Okay, then.
Aiming: Paralyse
Press: ? - help, Shift-Dir - straight line, f - Pikel
Aim: Pikel, wielding a +0 whip of flaming, wearing a +0 robe and carrying a wand of mindburst (4) (heavily wounded, extremely poisoned, chance to affect: 49%) Pikel resists with some effort.
Pikel hits you with a +0 whip of flaming.
You die...
Your body disappears without a glow.

#####.....#....#.#
#...#####[.....#.#
#.#+#########..#.#
#..........###.#.#
#....#####.# #...#
#....# #.# #...#
#..).# #.# #...#
#....# #.###+#K##
.....# #.##...s.#
##########.##.....#
#..........##.....#
#.###########.....#
#.# #.....# #.#
##.#.## #.#
###.#.#### #.#
#........# #.#
#.#.#.##.#


You could see Pikel (extremely poisoned).

Vanquished Creatures
  Grinder (D:4)
  Duvessa (D:4)
  A sky beast (D:6)
  An ice beast (D:6)
  An orc warrior (D:5)
  2 necrophages
  3 lemures
  4 scorpions
  Dowan (D:4)
  A jelly (D:4)
  A centaur zombie (D:5)
  A hound (D:6)
  Crazy Yiuf (D:4)
  An orc priest (D:6)
  A bullfrog skeleton (D:5)
  2 iguanas (D:5)
  Terence (D:3)
  A hound zombie (D:5)
  2 hound skeletons (D:4)
  A howler monkey zombie (D:6)
  4 adders
  4 gnolls
  A shadow imp (D:6)
  2 dart slugs
  12 orcs
  8 endoplasms
  4 giant cockroaches
  4 goblins
  3 hobgoblins
  4 jackals (D:2)
  3 quokkas
  6 ball pythons
  2 bats
  3 frilled lizards
  3 kobolds
  3 rats
94 creatures vanquished.

Notes
Turn   | Place    | Note
-------+----------+-------------------------------------------
     0 | D:1      | Zeld the Ogre Transmuter began the quest for the Orb.
     0 | D:1      | Reached XP level 1. HP: 19/19 MP: 3/3
   561 | D:1      | Reached XP level 2. HP: 28/28 MP: 3/5
   931 | D:1      | Found a faded altar of an unknown god.
  1086 | D:2      | Learned a level 2 spell: Wereblood
  1227 | D:2      | Reached XP level 3. HP: 32/35 MP: 5/7
  1231 | D:2      | Learned a level 3 spell: Spider Form
  1494 | D:2      | Identified the +8 battleaxe "Ofausy" {drain, rElec Dex+4}
  1708 | D:2      | Reached skill level 3 in Spellcasting
  2254 | D:3      | Noticed Terence
  2586 | D:3      | Reached XP level 4. HP: 38/42 MP: 8/8
  3066 | D:3      | Killed Terence
  3269 | D:4      | Found Puegiliv's Weapon Boutique.
  3336 | D:4      | Found a staircase to the Ecumenical Temple.
  3371 | Temple   | Entered the Ecumenical Temple
  3445 | Temple   | Became a worshipper of Nemelex Xobeh the Trickster
  3498 | D:4      | Noticed a scorpion
  3502 | D:4      | Reached XP level 5. HP: 43/50 MP: 10/10
  3505 | D:4      | Reached skill level 1 in Poison Magic
  3807 | D:4      | Reached skill level 4 in Spellcasting
  3819 | D:4      | Noticed Duvessa
  3846 | D:4      | Noticed Dowan
  4085 | D:4      | Noticed Grinder
  4104 | D:3      | Reached XP level 6. HP: 54/61 MP: 10/12
  4143 | D:4      | Paralysed by Grinder for 6 turns
  4158 | D:4      | Killed Grinder
  4317 | D:4      | Reached XP level 7. HP: 68/68 MP: 12/14
  4367 | D:4      | Learned a level 4 spell: Ice Form
  4677 | D:4      | Killed Duvessa
  4678 | D:4      | Reached skill level 5 in Spellcasting
  4807 | D:4      | Killed Dowan
  5011 | D:4      | Found a runed translucent door.
  5012 | D:4      | Noticed Crazy Yiuf
  5017 | D:4      | Killed Crazy Yiuf
  5047 | D:5      | Entered Level 5 of the Dungeon
  5085 | D:5      | Found a blossoming altar of Fedhas.
  5124 | D:5      | Reached skill level 1 in Ice Magic
  5643 | D:5      | Reached XP level 8. HP: 77/79 MP: 16/16
  5724 | D:5      | Found a white marble altar of Elyvilon.
  5734 | D:5      | Reached * piety under Nemelex Xobeh
  6151 | D:6      | Reached skill level 6 in Spellcasting
  6156 | D:6      | Identified the +1 robe of Suuh {+Inv rF++ Regen+ SInv}
  6358 | D:6      | Received a gift from Nemelex Xobeh
  6378 | D:6      | Reached skill level 5 in Transmutations
  6411 | D:6      | Reached skill level 5 in Fighting
  6879 | D:6      | Noticed Pikel
  7629 | D:5      | HP: 2/80 [disintegration (13)]
  7630 | D:5      | Slain by Pikel

Illustrated notes

Levels and vault maps discovered:
D:1:      elethiomel_arrival_maze, layout_loops_corners,
          shapermc_ecumenical_altar_acropolis
D:2:      layout_basic
D:3:      layout_basic, minmay_misc_feat_nine_boxes, uniq_terence
D:4:      layout_rooms, temple_doors_ab, serial_shops, shop, uniq_duvessa,
          uniq_grinder, uniq_crazy_yiuf_cottage
D:5:      layout_basic, mainiacjoe_overflow_alcove_1, elyvilon_altar_3,
          kennysheep_generic_room_14
D:6:      layout_basic, minmay_misc_feat_tower, minmay_pentangle, uniq_pikel
Temple:   kb_temple_of_zot

Skill      XL: |  1  2  3  4  5  6  7  8 |
---------------+-------------------------+-----
Transmutations | 2 3 4 5 |  5.4
Dodging        | 2 3 4 |  4.2
Fighting       | 2 3 4 5 |  5.3
Spellcasting   | 3 4 5 6 |  6.8
Poison Magic   | 1 2 |  2.0
Ice Magic      | 1 2 |  2.0
Unarmed Combat | |  2.6

Action                   |  1- 3 |  4- 6 |  7- 9 || total
-------------------------+-------+-------+-------++-------
Melee: Unarmed           |    52 |     7 |    14 ||    73
       Kick              |     6 |       |       ||     6
       Headbutt          |     4 |       |       ||     4
       Battleaxe         |    22 |    33 |   122 ||   177
 Cast: Beastly Appendage |    23 |       |       ||    23
       Wereblood         |     1 |       |       ||     1
       Spider Form       |       |     1 |     2 ||     3
Evoke: Wand              |       |       |     1 ||     1
 Stab: Sleeping          |     1 |       |     1 ||     2
Armor: Robe              |    18 |     9 |    44 ||    71
Dodge: Dodged            |    55 |    20 |   109 ||   184
